 Dungeon Crawl Stone Soup version 0.18.1-48-g4cf74bf (webtiles) character file.

3831 HolyGrifer the Blocker (level 10, -1/69 HPs)
             Began as a Gargoyle Fighter on Aug 16, 2016.
             Was a Believer of Makhleb.
             Slain by an orc warrior
             ... wielding a +0 trident
              (6 damage)
             ... on level 9 of the Dungeon.
             The game lasted 00:50:16 (6554 turns).

HolyGrifer the Blocker (Gargoyle Fighter)           Turns: 6554, Time: 00:50:17

Health: -1/69      AC: 21    Str: 21    XL:     10   Next: 18%
Magic:  11/11      EV:  5    Int: 10    God:    Makhleb [**....]
Gold:   305        SH: 20    Dex: 13    Spells: 1 memorised, 8 levels left

rFire  . . .     SeeInvis .     i - +5 mace
rCold  + . .     Gourm    .     n - +0 plate armour
rNeg   + . .     Faith    .     t - +2 large shield
rPois  ∞         Spirit   .     (helmet restricted)
rElec  +         Dismiss  .     (no cloak)
rCorr  .         Reflect  .     (no gloves)
SustAt +         Harm     .     v - +0 pair of boots
MR     .....                    h - amulet of rage
Stlth  ..........               w - ring of sustain attributes
                                u - +3 ring of dexterity

@: exhausted, slowed, very slow, not resistant to hostile enchantments,
extremely unstealthy
A: antennae 1, big wings, cold resistance 1, negative energy resistance 1,
robust 1, electricity resistance, unbreathing, petrification resistance, rot
immunity, AC +7
a: Fly, Minor Destruction, Renounce Religion, Evoke Berserk Rage


You were on level 9 of the Dungeon.
You worshipped Makhleb.
Makhleb was pleased with you.
You were not hungry.

You visited 2 branches of the dungeon, and saw 10 of its levels.

You collected 305 gold pieces.

Inventory:

Hand Weapons
 a - a +0 flail
 i - a +5 mace (weapon)
 p - a +0 mace
 r - a +0 blowgun
 A - a -3 mace
 G - a +0 shortbow
Missiles
 e - 136 arrows
 s - 31 poisoned needles
Armour
 b - a +1 scale mail
 c - a +0 shield
 n - a +0 plate armour (worn)
 t - a +2 large shield (worn)
 v - a +0 pair of boots (worn)
Jewellery
 h - an amulet of rage (around neck)
 u - a +3 ring of dexterity (left hand)
 w - a ring of sustain attributes (right hand)
Wands
 o - a wand of lightning (5/15)
 q - a wand of paralysis (6/24)
 y - a wand of random effects (17/48)
 D - a wand of lightning (3/15)
Scrolls
 g - 2 scrolls of remove curse
 l - 3 scrolls of identify
 m - a scroll of enchant weapon {unknown}
 B - a scroll of acquirement {unknown}
 E - a scroll of enchant armour
 J - a scroll of magic mapping {unknown}
Potions
 d - 2 potions of might
 j - a potion of degeneration {unknown}
 k - a potion of lignification {unknown}
 x - 3 potions of curing
 C - a potion of mutation {unknown}
Books
 z - a book of the Sky

   Spells                             Type                      Level
   a - Summon Lightning Spire         Summoning/Air                4
   b - Airstrike                      Air                          4
   c - Silence                        Hexes/Air                    5
   d - Deflect Missiles               Charms/Air                   6
   e - Conjure Ball Lightning         Conjuration/Air              6
   f - Tornado                        Air                          9
 F - a book of Battle

   Spells                             Type                      Level
   a - Infusion                       Charms                       1
   b - Shroud of Golubria             Charms/Translocation         2
   c - Song of Slaying                Charms                       2
   d - Spectral Weapon                Hexes/Charms                 3
   e - Regeneration                   Charms/Necromancy            3
 I - a book of Misfortune

   Spells                             Type                      Level
   a - Confusing Touch                Hexes                        2
   b - Confuse                        Hexes                        3
   c - Gell's Gravitas                Hexes/Translocation          3
   d - Petrify                        Transmutation/Earth          4
   e - Metabolic Englaciation         Hexes/Ice                    5
   f - Yara's Violent Unravelling     Hexes/Transmutation          5
Comestibles
 f - 5 bread rations
 H - 8 slices of pizza


   Skills:
 + Level 7.2 Fighting
 + Level 5.7 Maces & Flails
 + Level 6.2 Armour
 + Level 4.1 Dodging
 + Level 1.2 Stealth
 + Level 10.6 Shields
 + Level 1.3 Evocations


You had 8 spell levels left.
You knew the following spells:

 Your Spells              Type           Power        Failure   Level  Hunger
a - Infusion              Chrm           #...         100%        1    ##.....


Dungeon Overview and Level Annotations

Branches:
Dungeon (9/15)             Temple (1/1) D:7
   Lair: D:8-11         Orc: D:9-12

Altars:
Ashenzari
Cheibriados
Dithmenos
Elyvilon
Gozag
Kikubaaqudgha
Makhleb
Nemelex Xobeh
Okawaru
Pakellas
Vehumet
Xom
Yredelemnul

Shops:
D:4 =   D:9 [


Innate Abilities, Weirdness & Mutations

You are resistant to torment.
Your stone body is resilient (AC +7).
You are immune to poison.
You resist negative energy.
You are resistant to electric shocks.
You can survive without breathing.
You are immune to petrification.
You are immune to rotting.
You have a pair of small antennae on your head.
Your large and strong wings let you fly indefinitely.
Your flesh is cold resistant.
You are robust (+10% HP).


Message History

You block the killer bee's attack. You block the orc warrior's attack.
The killer bee stings you but does no damage.
You block the orc warrior's attack.
You closely miss the killer bee.
The killer bee is moderately wounded.
You block the killer bee's attack. x3
The orc warrior hits you but does no damage.
The killer bee stings you but does no damage.
The orc warrior hits you but does no damage.
You block the killer bee's attack.
You completely miss the killer bee.
The killer bee is moderately wounded.
The killer bee stings you but does no damage.
You block the killer bee's attack. You block the orc warrior's attack.
You block the killer bee's attack.
You miss the killer bee.
The killer bee is moderately wounded.
You block the killer bee's attack. x2
The orc warrior hits you from afar with a trident.
You die...

######### #######
#........ #.....#
#.......$ #.....#
#........ #.....#
###......∩.
#.....####o'........
#.....##@y)#......$.
#.....'.)###{.......
#.....#### #####'###
####'## # #...#
#.### # #.# #
##'#### ## #.....#
#.


You could see an orc warrior and a killer bee.

Vanquished Creatures
  The ghost of deszczowiec the Inquisitive, a novice DDAr of Pakellas (D:8)
  Grinder (D:6)
  A water moccasin (D:7)
  2 ice beasts
  6 orc warriors
  A sky beast (D:7)
  A phantom (D:5)
  2 ogres
  2 centaurs
  2 giant frogs
  2 scorpions
  13 killer bees
  A giant frog zombie (D:5)
  A howler monkey (D:5)
  3 hounds
  3 orc wizards
  3 orc priests
  3 iguanas
  7 worker ants
  A hound zombie (D:8)
  A hound skeleton (D:6)
  5 gnolls
  10 adders
  An ooze (D:2)
  2 adder skeletons
  3 worms
  2 dart slugs
  3 giant geckos
  18 orcs
  3 giant cockroaches
  6 goblins
  9 hobgoblins
  13 jackals
  6 quokkas
  2 bats (D:3)
  2 giant gecko zombies (D:5)
  10 giant newts
  A jackal zombie (D:5)
  6 kobolds
  11 rats
  A plant (D:7)
171 creatures vanquished.

Notes
Turn   | Place    | Note
--------------------------------------------------------------
     0 | D:1      | HolyGrifer the Gargoyle Fighter began the quest for the Orb.
     0 | D:1      | Reached XP level 1. HP: 14/14 MP: 1/1
   188 | D:1      | Reached XP level 2. HP: 19/19 MP: 2/2
   527 | D:1      | Reached XP level 3. HP: 24/24 MP: 3/3
  1009 | D:2      | Reached skill level 4 in Shields
  1038 | D:3      | Reached XP level 4. HP: 28/29 MP: 4/4
  1337 | D:3      | Reached XP level 5. HP: 17/34 MP: 5/5
  1630 | D:4      | Found Ublaosocs's Jewellery Emporium.
  1709 | D:4      | Reached skill level 1 in Dodging
  1852 | D:4      | Reached XP level 6. HP: 39/39 MP: 6/6
  1882 | D:4      | Reached skill level 5 in Shields
  1916 | D:4      | Reached XP level 7. HP: 7/44 MP: 7/7
  2381 | D:5      | Entered Level 5 of the Dungeon
  2420 | D:5      | Reached skill level 5 in Fighting
  2503 | D:5      | Reached skill level 5 in Armour
  2861 | D:5      | Reached skill level 6 in Shields
  3168 | D:6      | Noticed Grinder
  3194 | D:6      | Paralysed by something for 5 turns
  3214 | D:6      | Paralysed by Grinder for 6 turns
  3225 | D:6      | Killed Grinder
  3225 | D:6      | Reached skill level 1 in Stealth
  3225 | D:6      | Reached XP level 8. HP: 50/50 MP: 8/8
  3430 | D:6      | Reached skill level 1 in Evocations
  3444 | D:6      | Reached skill level 7 in Shields
  3493 | D:6      | Found a burning altar of Makhleb.
  3498 | D:6      | Became a worshipper of Makhleb the Destroyer
  4802 | D:7      | Reached XP level 9. HP: 49/55 MP: 9/9
  4934 | D:7      | Gained mutation: You are robust (+10% HP). [mutagenic meat]
  4935 | D:7      | Gained mutation: Your large and strong wings let you fly indefinitely. [mutagenic meat]
  4936 | D:7      | Gained mutation: Your flesh is cold resistant. [mutagenic meat]
  4937 | D:7      | Gained mutation: You have a pair of small antennae on your head. [mutagenic meat]
  5064 | D:7      | Reached * piety under Makhleb
  5064 | D:7      | Reached skill level 8 in Shields
  5125 | D:7      | Learned a level 1 spell: Infusion
  5194 | D:7      | Found a staircase to the Ecumenical Temple.
  5200 | Temple   | Entered the Ecumenical Temple
  5683 | D:8      | HP: 3/61 [orc priest/nerve-wracking pain (12)]
  5704 | D:8      | Noticed deszczowiec's ghost (novice DDAr)
  5741 | D:8      | Killed deszczowiec's ghost
  5741 | D:8      | Reached skill level 5 in Maces & Flails
  5741 | D:8      | Reached skill level 9 in Shields
  5971 | D:8      | Reached skill level 10 in Shields
  6207 | D:8      | Reached ** piety under Makhleb
  6323 | D:9      | Reached XP level 10. HP: 67/67 MP: 10/10
  6505 | D:9      | Found Niaruc's Armour Boutique.
  6550 | D:9      | HP: 3/69 [killer bee (2)]
  6554 | D:9      | Slain by an orc warrior

Skill      XL: |  1  2  3  4  5  6  7  8  9 10 |
---------------+-------------------------------+-----
Fighting       | 4 5 6 7 |  7.2
Shields        | 4 5 6 7 10 | 10.6
Armour         | 4 5 6 |  6.2
Dodging        | 1 2 3 4 |  4.1
Maces & Flails | 3 4 5 |  5.7
Stealth        | 1 |  1.2
Evocations     | 1 |  1.3

Action                   |  1- 3 |  4- 6 |  7- 9 | 10-12 || total
-------------------------+-------+-------+-------+-------++-------
Melee: Flail             |    22 |       |       |       ||    22
       Mace              |    78 |   130 |   430 |    74 ||   712
 Abil: Evoke Berserk Rag |       |       |     4 |     1 ||     5
  Use: Scroll            |       |     4 |     5 |       ||     9
       Potion            |       |     1 |     4 |       ||     5
  Eat: Fruit             |       |     2 |     1 |       ||     3
       Meat ration       |       |     1 |       |       ||     1
       Royal jelly       |       |       |     1 |       ||     1
       Chunk             |       |       |    14 |       ||    14
       Beef jerky        |       |       |     1 |       ||     1
       Bread ration      |       |       |       |     1 ||     1
Armor: Scale mail        |    39 |   105 |    50 |       ||   194
       Plate armour      |       |       |   175 |    55 ||   230
Dodge: Dodged            |    28 |    55 |   106 |    18 ||   207
Block: Shield            |    54 |   103 |   114 |       ||   271
       Large shield      |       |       |   320 |   113 ||   433
